 Seeded DCSS version 0.29-a0-8-g0446c0dae4 (webtiles) character file.

Game seed: 6591898363388657427 (custom seed)

1829 innerfire433 the Cudgeller (level 9, -2/57 HPs)
             Began as a Kobold Chaos Knight on Jan 27, 2022.
             Was a Plaything of Xom.
             Slain by a centaur (3 damage)
             ... on level 7 of the Dungeon.
             The game lasted 00:12:20 (7141 turns).

innerfire433 the Cudgeller (Kobold Chaos Knight)    Turns: 7141, Time: 00:12:21

Health: -2/57      AC:  2    Str: 14    XL:     9   Next: 32%
Magic:  9/9        EV: 14    Int: 15    God:    Xom [......]
Gold:   302        SH:  5    Dex: 14    Spells: 8/8 levels left

rFire   + . .      SeeInvis +   k - +5 whip of Embarrassment {spect, rC+ Stlth+}
rCold   + . .      Faith    .   v - +0 buckler
rNeg    . . .      Spirit   .   (no armour)
rPois   .          Reflect  .   (no helmet)
rElec   .          Harm     .   e - +0 cloak
rCorr   .          Rampage  .   d - +0 pair of gloves
Will    .....                   (no boots)
Stlth   +++.......              (no amulet)
HPRegen 0.19/turn               h - ring of protection from fire
MPRegen 0.11/turn               r - ring of see invisible

@: no status effects
A: small, no large weapons, nightstalker 3, clever 1
a: Renounce Religion


You were on level 7 of the Dungeon.
You worshipped Xom.
You were a very special plaything of Xom.
You visited 1 branch of the dungeon, and saw 7 of its levels.

You collected 302 gold pieces.

Inventory:

Hand Weapons
 a - a +0 spear of chaos
 i - a +2 short sword of protection
 k - the +5 whip of Embarrassment (weapon) {spect, rC+ Stlth+}
   (You found it on level 2 of the Dungeon)

   When its wielder attacks, the weapon's spirit leaps out and strikes again.
   The spirit shares a part of any damage it takes with its wielder.
   rC:        It protects you from cold.
   Stlth:     It makes you more stealthy.
 x - a +4 flail of protection
Armour
 b - a +2 leather armour
 c - a scarf of shadows
 d - a +0 pair of gloves (worn)
 e - a +0 cloak (worn)
 v - a +0 buckler (worn)
 z - the +1 leather armour of the Villain {Rampage}
   (You found it on level 7 of the Dungeon)

   Rampage:   It bestows one free step when moving towards enemies.
Jewellery
 h - a ring of protection from fire (left hand)
 r - a ring of see invisible (right hand)
 u - a ring of wizardry
 y - a ring of fire
Wands
 p - a wand of acid (1)
 A - a wand of polymorph (9)
Scrolls
 f - a scroll of teleportation
 j - a scroll of vulnerability
 l - a scroll of brand weapon
 m - a scroll of identify
 n - a scroll of magic mapping
Potions
 g - 2 potions of degeneration
 o - 2 potions of attraction
 q - a potion of haste {unknown}
 s - 3 potions of brilliance
 t - a potion of lignification {unknown}
 w - 2 potions of ambrosia


   Skills:
 + Level 7.5 Fighting
 * Level 7.7 Maces & Flails
 - Level 2.9 Polearms
 - Level 1.1 Armour
 - Level 2.7 Dodging
 + Level 2.3 Shields
 * Level 2.2 Evocations


You had 8 spell levels left.
You didn't know any spells.
Your spell library contained the following spells:

 Spells                   Type           Power      Damage    Failure   Level
 Corpse Rot               Necr/Air       0%         N/A       52%         2
 Conjure Flame            Conj/Fire      0%         6-21      77%         3
 Ignite Poison            Fire/Tmut/Pois 0%         N/A       77%         3
 Swiftness                Air            0%         N/A       77%         3
 Sticky Flame             Conj/Fire      0%         2d3       99%         4
 Silence                  Hex/Air        0%         N/A       100%        5
 Conjure Ball Lightning   Conj/Air       0%         3x3d6     100%        6


Dungeon Overview and Level Annotations

Branches:
Dungeon (7/15)             Temple (0/1) D:5

Altars:
Cheibriados
Elyvilon
Gozag
Uskayaw
Wu Jian

Shops:
D:1 (   D:2 (   D:6 *


Innate Abilities, Weirdness & Mutations

You are small and have problems with some larger weapons.
You are completely attuned to the shadows.
Your mind is acute. (Int +2)


Message History

The orc priest looks braver for a moment.
You hit the orc priest.
The orc priest is lightly wounded.
The orc priest closely misses you.
You hit the orc priest.
The orc priest is lightly wounded.
The orc priest hits you with a +0 war axe!
You whack the orc priest!
The orc priest is almost dead.
You completely miss the orc priest.
The orc priest is almost dead.
The orc priest hits you with a +0 war axe!
* * * LOW HITPOINT WARNING * * *
You completely miss the orc priest.
The orc priest is almost dead.
The orc priest hits you with a +0 war axe!
* * * LOW HITPOINT WARNING * * *
You hit the orc priest.
You kill the orc priest!
Xom makes a sudden noise!
You hear a loud clanging noise!
You hear a shout! x2; You hear two shouts!
You hear a shout!
Xom twists space around you.
Your surroundings suddenly seem different.
Your surroundings suddenly seem different.
A centaur comes into view. It is wielding a +0 long sword.
Found a ruby potion.
You are now a very special plaything of Xom.
The centaur unwields a +0 long sword.
The centaur wields a +0 shortbow.
The centaur shoots an arrow.
The arrow hits you!
You are too injured to fight recklessly!
You are too injured to fight recklessly!
Unknown command.
The centaur shoots an arrow.
The arrow hits you!
* * * LOW HITPOINT WARNING * * *
The centaur unwields a +0 shortbow.
The centaur wields a +0 long sword.
The centaur hits you with a +0 long sword.
* * * LOW HITPOINT WARNING * * *
You block the centaur's attack. x2; The centaur kicks you.
You die...
Xom snickers!

....
......####
.........#
#.......#
#.......#
#.........
#..@....##
#.c.....#
#...!...#
#########


You could see a centaur.

Vanquished Creatures
  A water moccasin (D:7)
  2 necrophages
  4 ice beasts
  2 ogres
  Blork the orc (D:6)
  A water moccasin zombie (D:6)
  A wyvern zombie (D:7)
  A scorpion (D:5)
  A water moccasin skeleton (D:5)
  A howler monkey (D:6)
  5 hounds
  2 orc priests
  2 centaur skeletons
  3 iguanas
  3 orc wizards
  A hound zombie (D:5)
  A hound skeleton (D:4)
  8 adders
  A shadow imp (D:6)
  2 ufetubi (D:6)
  3 worms
  4 dart slugs
  14 orcs
  5 ball pythons
  7 endoplasms
  5 giant cockroaches
  4 goblins
  8 hobgoblins
  10 kobolds
  2 quokkas
  4 bats (D:1)
  A frilled lizard (D:3)
  6 rats
116 creatures vanquished.

Vanquished Creatures (others)
  Menkaure (D:6)
  A fungus (D:1)
2 creatures vanquished.

Grand Total: 118 creatures vanquished

Notes
Turn   | Place    | Note
-------+----------+-------------------------------------------
     0 | D:1      | innerfire433 the Kobold Chaos Knight began the quest for
                  | the Orb.
     0 | D:1      | Reached XP level 1. HP: 14/14 MP: 1/1
     3 | D:1      | XOM: silly message
   145 | D:1      | XOM: 1-stop teleportation journey
   157 | D:1      | Reached skill level 1 in Armour
   291 | D:1      | Reached XP level 2. HP: 19/19 MP: 2/2
   434 | D:1      | Found Qusuboad's Weapon Boutique.
   499 | D:1      | XOM: divination: detect items
   726 | D:1      | Found a faded altar of an unknown god.
   910 | D:1      | Reached XP level 3. HP: 23/23 MP: 3/3
  1135 | D:1      | XOM: give mutation
  1135 | D:1      | Gained mutation: You sometimes lose the ability to read
                  | scrolls when taking damage. [Xom's mischief]
  1217 | D:2      | XOM: 8-stop teleportation journey
  1258 | D:2      | Found Ythan's Antique Weapon Boutique.
  1306 | D:2      | Identified the +5 whip of Embarrassment {spect, rC+ Stlth+}
  1619 | D:2      | Found a white marble altar of Elyvilon.
  1683 | D:2      | Reached skill level 1 in Maces & Flails
  1683 | D:2      | XOM: scenery: summon butterflies
  1729 | D:2      | Reached XP level 4. HP: 29/29 MP: 4/4
  1914 | D:2      | XOM: cloud trail
  1994 | D:3      | XOM: silly message
  2083 | D:3      | XOM: noise
  2384 | D:3      | XOM: divination: detect creatures
  2664 | D:3      | XOM: butterfly on damage
  2667 | D:3      | Reached XP level 5. HP: 13/33 MP: 5/5
  3105 | D:3      | XOM: noise
  3228 | D:4      | XOM: noise
  3281 | D:4      | XOM: noise
  3333 | D:4      | Noticed an ogre
  3337 | D:4      | Killed an ogre
  3338 | D:4      | Reached XP level 6. HP: 40/40 MP: 6/6
  3386 | D:4      | XOM: god gift: sedimented emerald potion {god gift}
  3465 | D:4      | Reached skill level 5 in Fighting
  3864 | D:4      | Reached XP level 7. HP: 44/44 MP: 7/7
  3986 | D:4      | XOM: butterfly on damage
  4313 | D:4      | XOM: summons 1 hostile shadow creature
  4332 | D:4      | Found a hide-covered altar of Uskayaw.
  4370 | D:4      | Found an ornate altar of the Wu Jian Council.
  4521 | D:5      | Entered Level 5 of the Dungeon
  4647 | D:5      | Reached skill level 5 in Maces & Flails
  4671 | D:5      | Found a staircase to the Ecumenical Temple.
  4732 | D:5      | Reached XP level 8. HP: 49/51 MP: 8/8
  4833 | D:5      | XOM: give mutation
  4833 | D:5      | Gained mutation: Your body sometimes deteriorates upon
                  | taking damage. [Xom's mischief]
  4937 | D:5      | XOM: silly message
  5008 | D:5      | XOM: god gift: Xom's Incunabulum of Havoc {god gift}
  5009 | D:5      | Got Xom's Incunabulum of Havoc {god gift}
  5115 | D:5      | XOM: give mutations
  5115 | D:5      | Gained mutation: You are weak. (Str -2) [Xom's mischief]
  5115 | D:5      | Gained mutation: You are clumsy. (Dex -2) [Xom's mischief]
  5380 | D:6      | Noticed Menkaure
  5383 | D:6      | Killed Menkaure
  5383 | D:6      | XOM: divine lightning
  5425 | D:6      | Noticed Blork the orc
  5474 | D:6      | Killed Blork the orc
  5503 | D:6      | XOM: summons 2 hostile shadow creatures
  5612 | D:6      | XOM: divination: detect creatures
  5752 | D:6      | Found a snail-covered altar of Cheibriados.
  5783 | D:6      | Found Gozag's Platinum Reserve.
  5787 | D:6      | Found an opulent altar of Gozag.
  6029 | D:6      | Noticed Edmund
  6031 | D:6      | XOM: swap monsters
  6042 | D:6      | HP: 2/53 [Edmund (6)]
  6065 | D:6      | Reached skill level 1 in Shields
  6065 | D:6      | HP: 1/53 [Edmund (8)]
  6073 | D:6      | XOM: silly message
  6078 | D:6      | XOM: swap monsters
  6079 | D:6      | Noticed Edmund
  6079 | D:6      | Edmund changed into Edmund the ogre
  6079 | D:6      | XOM: polymorph Edmund -> Edmund the ogre
  6082 | D:6      | Killed Edmund the ogre
  6083 | D:6      | Reached XP level 9. HP: 4/57 MP: 9/9
  6444 | D:6      | XOM: stat loss: -1 Str (11/12)
  6451 | D:6      | XOM: 1-stop teleportation journey
  6452 | D:6      | XOM: confusion (+ monsters)
  6473 | D:6      | Lost mutation: You are clumsy. (Dex -2) [potion of
                  | mutation]
  6473 | D:6      | Lost mutation: You sometimes lose the ability to read
                  | scrolls when taking damage. [potion of mutation]
  6473 | D:6      | Lost mutation: You are weak. (Str -2) [potion of mutation]
  6473 | D:6      | Gained mutation: Your spells are a little harder to cast,
                  | but a little more powerful. [potion of mutation]
  6474 | D:6      | Lost mutation: Your spells are a little harder to cast, but
                  | a little more powerful. [potion of mutation]
  6474 | D:6      | Lost mutation: Your body sometimes deteriorates upon taking
                  | damage. [potion of mutation]
  6474 | D:6      | Gained mutation: Your mind is acute. (Int +2) [potion of
                  | mutation]
  6734 | D:7      | Identified the +1 leather armour of the Villain {Rampage}
  6886 | D:7      | Reached skill level 1 in Evocations
  6994 | D:7      | XOM: noise
  7138 | D:7      | XOM: 2-stop teleportation journey
  7141 | D:7      | HP: 1/57 [centaur (4)]
  7141 | D:7      | Slain by a centaur

Illustrated notes

Levels and vault maps discovered:
D:1:      ncdulo_halloftheorcs, layout_basic,
          dreamdust_ecumenical_altar_hidden_monk_grotto, serial_shops, shop
D:2:      layout_loops_ring, basic_altar, serial_shops, shop, minmay_tripent
D:3:      layout_loops_corners
D:4:      layout_basic, mainiacjoe_overflow_two_lobes
D:5:      layout_rooms, temple_fountains, minmay_misc_feat_ornament
D:6:      layout_rooms, nicolae_gozag_zags_fifth_avenue,
          mainiacjoe_overflow_catwalk, uniq_menkaure, uniq_blork_the_orc,
          uniq_edmund
D:7:      layout_loops_cross, gammafunk_ghost_smash, kennysheep_generic_room_12

Skill      XL: |  1  2  3  4  5  6  7  8  9 |
---------------+----------------------------+-----
Armour         | 1 |  1.1
Maces & Flails | 1 2 3 4 5 7 |  7.7
Fighting       | 4 5 6 7 |  7.5
Shields        | 1 2 |  2.3
Evocations     | 2 |  2.2
Polearms       | |  2.9
Dodging        | |  2.7

Action                   |  1- 3 |  4- 6 |  7- 9 || total
-------------------------+-------+-------+-------++-------
Melee: Spear             |    48 |       |       ||    48
       Punch             |     1 |       |       ||     1
       Whip              |    19 |   105 |   198 ||   322
       Unarmed           |       |       |     2 ||     2
Evoke: Wand              |       |       |     1 ||     1
  Use: Scroll            |       |     6 |     4 ||    10
       Potion            |       |     1 |     8 ||     9
 Stab: Sleeping          |    16 |    17 |     9 ||    42
       Distracted        |       |     2 |     1 ||     3
Armor: Leather armour    |     7 |    14 |    32 ||    53
       Skin              |       |       |     2 ||     2
Dodge: Dodged            |    28 |    66 |   113 ||   207
Block: Buckler           |       |       |    27 ||    27

Table legend: (Time is in decaauts)
 A = Elapsed time spent in this place.
 B = Non-inter-level travel time spent in this place.
 C = Inter-level travel time spent in this place.
 D = Time resting spent in this place.
 E = Time spent auto-exploring this place.
 F = Levels seen in this place.
 G = Mean time per level.
                   A        B        C        D        E       F      G
               +--------+--------+--------+--------+--------+-----+--------+
         Total |   7089 |   6854 |    235 |      0 |   5781 |   7 | 1012.7 |
       Dungeon |   7089 |   6854 |    235 |      0 |   5781 |   7 | 1012.7 |
               +--------+--------+--------+--------+--------+-----+--------+

Top non-repeatable levels by time:
     D:6: 1429 daAuts
     D:4: 1397 daAuts
     D:1: 1213 daAuts
     D:3: 1159 daAuts
     D:2: 744 daAuts
     D:5: 727 daAuts
     D:7: 418 daAuts
